 Dungeon Crawl Stone Soup version 0.23.2-33-g5129a83184 (webtiles) character file.

Game seed: 5561603856817853831

48 DildoBatman the Magician (level 4, 0/30 HPs)
             Began as a Formicid Wizard on July 4, 2019.
             Slain by a goblin (3 damage)
             ... led by Robin
             ... on level 2 of the Dungeon.
             The game lasted 00:02:46 (1121 turns).

DildoBatman the Magician (Formicid Wizard)          Turns: 1121, Time: 00:02:47

Health: 0/30       AC:  6    Str: 12    XL:     4   Next: 0%
Magic:  8/8        EV: 12    Int: 18    God:
Gold:   72         SH:  0    Dex:  9    Spells: 2/9 levels left

rFire    . . .     SeeInvis +   e - +2 short sword (drain)
rCold    . . .     Gourm    .   (no shield)
rNeg     . . .     Faith    .   a - +0 robe
rPois    .         Spirit   .   (helmet unavailable)
rElec    .         Reflect  .   h - +2 cloak
rCorr    .         Harm     .   (no gloves)
MR       .....                  r - +0 pair of boots
Stlth    ++........             (no amulet)
HPRegen  0.10/turn              w - +3 ring of slaying
MPRegen  0.11/turn              (no ring)

@: no status effects
A: permanent stasis, dig shafts and tunnels, four strong arms, antennae 3
a: Dig, Shaft Self


You were on level 2 of the Dungeon.
You were hungry.

You visited 1 branch of the dungeon, and saw 2 of its levels.

You collected 72 gold pieces.

Inventory:

Hand Weapons
 e - a +2 short sword of draining (weapon)
Missiles
 j - 10 arrows
 n - 40 stones (quivered)
 q - 14 sling bullets
Armour
 a - a +0 robe (worn)
 h - a +2 cloak (worn)
 r - a +0 pair of boots (worn)
Jewellery
 w - a +3 ring of slaying (left hand)
Scrolls
 b - 2 scrolls of remove curse {unknown}
 f - 2 scrolls of fear {unknown}
 l - 2 scrolls of teleportation {unknown}
 o - a scroll of fog {unknown}
 p - a scroll of immolation {unknown}
 t - 2 scrolls of identify {unknown}
Potions
 c - a potion of curing {unknown}
 d - a potion of resistance {unknown}
 g - a potion of haste {unknown}
 i - 2 potions of ambrosia {unknown}
 k - a potion of degeneration {unknown}
 s - a potion of cancellation {unknown}
 u - a potion of lignification {unknown}
Comestibles
 m - 5 chunks of flesh
 v - 4 rations


   Skills:
 - Level 1.7 Dodging
 - Level 2.4 Stealth
 - Level 3.2 Spellcasting
 * Level 3.1 Conjurations
   Level 1.0 Summonings
   Level 0.8 Translocations


You had 2 spell levels left.
You knew the following spells:

 Your Spells              Type           Power        Failure   Level  Hunger
a - Conjure Flame         Conj/Fire      #.......     26%         3    ###....
c - Magic Dart            Conj           ##..         4%          1    None
e - Mephitic Cloud        Conj/Pois/Air  #.......     30%         3    ###....

Your spell library contained the following spells:

 Spells                   Type           Power        Failure   Level  Hunger
 Call Imp                 Summ           #.......     16%         2    ##.....
 Slow                     Hex            #.......     24%         2    ##.....
 Blink                    Tloc           Unusable     N/A         2    N/A

Dungeon Overview and Level Annotations

Branches:
Dungeon (2/15)

Altars:

Annotations:
D:2 Robin


Innate Abilities, Weirdness & Mutations

You cannot be hasted, slowed, berserked, paralysed or teleported.
You can dig through walls and to a lower floor.
Your four strong arms can wield two-handed weapons with a shield.
You have a pair of large antennae on your head. (SInv)


Message History

The kobold barely misses you. The goblin completely misses you.
The goblin hits you but does no damage. The goblin closely misses you.
Robin roars a battlecry!
The goblins go into a battle-frenzy!
The hobgoblin hits you with a +0 club. What are your orders? t - Shout!
Orders for allies: a - Attack new target. r - Retreat! s - Stop attacking. g - Guard the area. f - Follow me.
Anything else - Cancel.
You shout for attention!
You hear a shout!
The goblin barely misses you. The kobold barely misses you.
The goblin hits you but does no damage. The goblin hits you.
You die...

#......### #...###### #.#
#...♣....# #......{.# #.#
#..♣_♣.#.# #..#####.# #.#
##..♣..#.# #..# #.# #.#
#.....#.####..# #.# #.#
###.###.##....# #.#####.#####g
#.....##.##.#####...........g.
#####.##.##.Kggggg......######
#.##.####@g##########
#.##.###gg#......#
#.##....)###.###.#
#.#######.#..# #.# #.# ##.#.#
#.# #.# ##.#.# #.#
#.#######....# #.#
#.....>...#..# #.#
#########...## #.#


You could see Robin, 2 hobgoblins, 5 goblins and a kobold.

Vanquished Creatures
  A gnoll (D:1)
  An adder (D:2)
  A dart slug (D:2)
  4 bats (D:1)
  4 goblins
  8 hobgoblins
  A frilled lizard (D:1)
  2 kobolds (D:1)
  3 rats
25 creatures vanquished.

Notes
Turn   | Place    | Note
-------+----------+-------------------------------------------
     0 | D:1      | DildoBatman the Formicid Wizard began the quest for the
                  | Orb.
     0 | D:1      | Reached XP level 1. HP: 13/13 MP: 4/4
     8 | D:1      | Reached skill level 1 in Conjurations
   230 | D:1      | Reached XP level 2. HP: 19/19 MP: 4/6
   467 | D:1      | Reached XP level 3. HP: 17/24 MP: 1/7
   472 | D:1      | Learned a level 3 spell: Conjure Flame
   476 | D:1      | Learned a level 3 spell: Mephitic Cloud
   894 | D:2      | Found a faded altar of an unknown god.
  1083 | D:2      | Noticed Robin
  1101 | D:2      | Reached XP level 4. HP: 30/30 MP: 8/8
  1121 | D:2      | Slain by a goblin

Skill      XL: |  1  2  3 |
---------------+----------+-----
Conjurations   | 1 2 3 |  3.1
Dodging        | |  1.7
Stealth        | |  2.4
Spellcasting   | |  3.2
Summonings     | |  1.0
Translocations | |  0.8

Action                   |  1- 3 |  4- 6 || total
-------------------------+-------+-------++-------
Melee: Short sword       |    28 |       ||    28
 Cast: Magic Dart        |    42 |       ||    42
 Abil: Dig               |       |     1 ||     1
Armor: Robe              |     6 |    21 ||    27
Dodge: Dodged            |    21 |    46 ||    67
